 Dungeon Crawl Stone Soup version 0.30-a0-1035-g38d5fb2972 (webtiles) character file.

Game seed: 8512478106002956766

709 DeathPants the Stinger (level 7, -2/55 HPs)
             Began as a Naga Venom Mage on Apr 8, 2023.
             Slain by a centaur (6 damage)
             ... on level 6 of the Dungeon.
             The game lasted 00:20:08 (5153 turns).

DeathPants the Stinger (Naga Venom Mage)            Turns: 5153, Time: 00:20:09

Health: -2/55      AC:  7    Str: 13    XL:     7   Next: 68%
Magic:  13/13      EV: 15    Int: 15    God:
Gold:   295        SH:  0    Dex: 11    Spells: 8/14 levels left

rFire   . . .      SeeInvis +    a - +4 dagger of Dishonesty {heavy, Will++ rCorr}
rCold   . . .      Faith    .    (no shield)
rNeg    . . .      Spirit   .    o - +0 robe
rPois   +          Reflect  .    n - +1 helmet
rElec   .          Rampage  .    (no cloak)
rCorr   +                        p - +1 pair of gloves
Will    ++...                    (no barding)
Stlth   ++                       u - amulet of magic regeneration
HPRegen 0.29/turn                h - +5 ring of evasion
MPRegen 0.53/turn                (no ring)

@: very slow
A: AC +2, large, see invisible, deformed body, poison resistance, slowness 2,
spit poison 1, naga tail 1
a: Spit Poison


You were on level 6 of the Dungeon.
You visited 1 branch of the dungeon, and saw 7 of its levels.

You collected 295 gold pieces.

Inventory:

Hand Weapons
 a - the +4 dagger of Dishonesty (weapon) {heavy, Will++ rCorr}
   (You found it on level 3 of the Dungeon)

   rCorr:     It protects you from acid and corrosion.
   Will:      It greatly increases your willpower.
 i - a +0 dagger
 t - a +1 vampiric trident
Missiles
 r - 4 poisoned darts
Armour
 n - a +1 helmet (worn)
 o - a +0 robe (worn)
 p - a +1 pair of gloves (worn)
 z - a +0 buckler
Jewellery
 h - a +5 ring of evasion (left hand)
 u - an amulet of magic regeneration (around neck)
Scrolls
 e - a scroll of enchant weapon
 f - a scroll of teleportation
 g - a scroll of fear
 k - a scroll of amnesia
 m - a scroll of magic mapping
 q - a scroll of fog
Potions
 b - a potion of magic
 c - 2 potions of mutation
 d - 2 potions of lignification
 j - 3 potions of curing
 s - 2 potions of invisibility
 v - a potion of brilliance
 w - a potion of attraction {unknown}
 x - a potion of flight {unknown}
 A - a potion of degeneration {unknown}
 B - a potion of heal wounds {unknown}


   Skills:
 + Level 2.3 Dodging
 - Level 3.0 Stealth
 - Level 4.0 Spellcasting
 - Level 4.0 Conjurations
 - Level 1.0 Transmutations
 - Level 4.0 Air Magic
 - Level 6.0 Poison Magic


You had 8 spell levels left.
You knew the following spells:

 Your Spells              Type           Power      Damage    Failure   Level
a - Sting                 Tmut/Pois      52%        1d5       4%          1
b - Poisonous Vapours     Pois/Air       36%        N/A       3%          2
c - Mephitic Cloud        Conj/Pois/Air  16%        N/A       9%          3

Your spell library contained the following spells:

 Spells                   Type           Power      Damage    Failure   Level
 Olgreb's Toxic Radiance  Pois           21%        N/A       16%         4


Dungeon Overview and Level Annotations

Branches:
Dungeon (7/15)
 Temple: D:4-7

Altars:
Hepliaklqana
Makhleb
Nemelex Xobeh
Uskayaw
Zin

Shops:
D:4 :


Innate Abilities, Weirdness & Mutations

Your serpentine skin is tough. (AC +2)
You have supernaturally acute eyesight. (SInv)
Armour fits poorly on your strangely shaped body.
Your system is resistant to poisons. (rPois)
You cover ground very slowly.
You can spit poison.
You have a snake-like lower body.


Message History

* * * LOW HITPOINT WARNING * * *
The centaur completely misses you. The centaur closely misses you. x2
You hit the centaur.
The centaur is severely wounded.
The centaur misses you. x2; The centaur closely misses you.
The centaur kicks you but does no damage.
The centaur misses you. The centaur kicks you.
* * * LOW HITPOINT WARNING * * *
You hit the centaur.
The centaur is severely wounded.
The centaur barely misses you. The centaur kicks you.
* * * LOW HITPOINT WARNING * * *
The centaur hits you but does no damage.
The centaur closely misses you.
Aiming: Poisonous Vapours (safe; 3% risk of failure)
Press: ? - help, Q - select action, (/) - cycle Dir - move target, f/p - centaur
Aim: a centaur (severely wounded, poisoned) Poisonous vapours surround the centaur!
The centaur looks even sicker.
The centaur hits you.
* * * LOW HITPOINT WARNING * * *
The centaur kicks you but does no damage.
The centaur misses you. The centaur closely misses you.
You barely miss the centaur.
The centaur is almost dead.
The centaur hits you but does no damage.
The centaur closely misses you.
The centaur hits you but does no damage.
The centaur kicks you.
* * * LOW HITPOINT WARNING * * *
You closely miss the centaur.
The centaur is almost dead.
The centaur hits you but does no damage.
The centaur kicks you but does no damage.
The centaur hits you.
* * * LOW HITPOINT WARNING * * *
The centaur misses you.
You hit the centaur but do no damage.
The centaur is almost dead.
The centaur hits you.
You die...

....#.# ##+## #
#..# #...#.+
##...## #. #..#
....# # #.....##
.# #..# .......##
.##..# ........#
....# ........+
... .......<# #c#
.......## #@#
#.....## #.#
##...## #.# ##+##
#.# ###.###### #.#
#........# #.#
.........# #.#
.....###.#######.#
.................#


You could see a centaur (poisoned).

Vanquished Creatures
  An ice beast (D:6)
  2 phantoms (D:5)
  2 scorpions
  A hound (D:4)
  A jelly (D:4)
  An orc priest (D:4)
  An iguana (D:5)
  Natasha (thrice) (D:3)
  7 adders
  A shadow imp (D:6)
  2 ufetubi
  A worm (D:3)
  A dart slug (D:4)
  9 orcs
  5 bats
  5 endoplasms
  A giant cockroach (D:1)
  9 goblins
  7 hobgoblins
  3 jackals (D:3)
  3 kobolds
  4 quokkas
  6 ball pythons
  2 frilled lizards (D:3)
  4 rats
82 creatures vanquished.

Vanquished Creatures (others)
  A fungus (D:3)
1 creature vanquished.

Grand Total: 83 creatures vanquished

Notes
Turn   | Place    | Note
-------+----------+-------------------------------------------
     0 | D:1      | DeathPants the Naga Venom Mage began the quest for the Orb.
     0 | D:1      | Reached XP level 1. HP: 15/15 MP: 3/3
   378 | D:1      | Reached XP level 2. HP: 22/22 MP: 0/5
   799 | D:1      | Reached skill level 5 in Poison Magic
   989 | D:1      | Found a faded altar of an unknown god.
  1555 | D:2      | Reached XP level 3. HP: 18/28 MP: 2/6
  1911 | D:2      | Reached skill level 6 in Poison Magic
  1914 | D:2      | Learned a level 2 spell: Poisonous Vapours
  2278 | D:3      | Reached XP level 4. HP: 36/36 MP: 7/7
  2324 | D:3      | Reached skill level 1 in Air Magic
  2362 | D:3      | Found a sparkling altar of Nemelex Xobeh.
  2428 | D:3      | Found a hazy altar of Hepliaklqana.
  2448 | D:3      | Noticed Natasha
  2457 | D:3      | Killed Natasha
  2553 | D:3      | Identified the +4 dagger of Dishonesty {heavy, Will++
                  | rCorr}
  2559 | D:3      | Noticed Natasha
  2566 | D:3      | Killed Natasha
  2567 | D:3      | Reached XP level 5. HP: 30/42 MP: 8/8
  2718 | D:3      | Learned a level 3 spell: Mephitic Cloud
  2756 | D:3      | Noticed Natasha
  2764 | D:3      | Killed Natasha
  3368 | D:4      | Reached skill level 1 in Conjurations
  3368 | D:4      | Reached XP level 6. HP: 49/49 MP: 4/9
  3436 | D:5      | Entered Level 5 of the Dungeon
  3531 | D:4      | Found Fetz's Book Shop.
  3590 | D:4      | Found a hide-covered altar of Uskayaw.
  3651 | D:4      | Found a glowing silver altar of Zin.
  3904 | D:4      | Found a burning altar of Makhleb.
  4175 | D:5      | Reached XP level 7. HP: 54/55 MP: 10/10
  5153 | D:6      | Slain by a centaur

Illustrated notes

Levels and vault maps discovered:
D:1:      minmay_arrival_three_doors, layout_basic,
          shapermc_ecumenical_altar_mp_urbaneastern, minmay_misc_feat_room
D:2:      cheibrodos_greedy_goblins, layout_loops_corners, solitary_fountain,
          grunt_ministairs_7, chequers_serial_rivers_marsh, kennysheep_nub,
          hangedman_decor_points
D:3:      layout_loops_ring, mainiacjoe_overflow_boulevard,
          mainiacjoe_overflow_cross_hatched, minmay_shallow_snake_nest,
          uniq_natasha
D:4:      layout_basic, mainiacjoe_overflow_catwalk_spiral,
          mainiacjoe_overflow_paths, serial_shops, shop
D:5:      layout_loops_ring
D:6:      layout_loops_corners, grunt_temple_overflow_growth_and_decay,
          amcnicky_altar_gilded, minmay_temple_entry_hall,
          nicolae_ossuary_entry_monument, uniq_maggie
D:7:      minmay_flawed_box, layout_layer_cave,
          gammafunk_ghost_berserking_beasts, serial_shops,
          kennysheep_little_box, dk_vineyard_3

Skill      XL: |  1  2  3  4  5  6  7 |
---------------+----------------------+-----
Poison Magic   | 5 6 |  6.0
Air Magic      | 3 4 |  4.0
Conjurations   | 1 4 |  4.0
Spellcasting   | 4 |  4.0
Dodging        | 2 |  2.3
Stealth        | |  3.0
Transmutations | |  1.0

Action                     |  1- 3 |  4- 6 |  7- 9 || total
---------------------------+-------+-------+-------++-------
  Melee: Mace              |    42 |    26 |       ||    68
         Dagger            |    14 |    58 |    84 ||   156
         Punch             |     1 |       |       ||     1
   Cast: Sting             |    34 |     5 |     5 ||    44
         Poisonous Vapours |       |    30 |    13 ||    43
Ability: Spit Poison       |     7 |     1 |       ||     8
    Use: Scroll            |     4 |     9 |     4 ||    17
   Stab: Distracted        |       |     1 |       ||     1
         Sleeping          |       |     1 |       ||     1
 Armour: Robe              |    14 |    26 |    30 ||    70
  Dodge: Dodged            |    49 |    96 |    99 ||   244

Table legend: (Time is in decaauts)
 A = Elapsed time spent in this place.
 B = Non-inter-level travel time spent in this place.
 C = Inter-level travel time spent in this place.
 D = Time resting spent in this place.
 E = Time spent auto-exploring this place.
 F = Levels seen in this place.
 G = Mean time per level.
                   A        B        C        D        E       F      G
               +--------+--------+--------+--------+--------+-----+--------+
         Total |   6694 |   6447 |    247 |    191 |   4856 |   7 |  956.3 |
       Dungeon |   6694 |   6447 |    247 |    191 |   4856 |   7 |  956.3 |
               +--------+--------+--------+--------+--------+-----+--------+

Top non-repeatable levels by time:
     D:1: 1460 daAuts
     D:3: 1373 daAuts
     D:2: 1351 daAuts
     D:5: 1183 daAuts
     D:4: 994 daAuts
     D:6: 329 daAuts
     D:7: 1 daAuts
